 Dungeon Crawl Stone Soup version 0.19-a0-1072-g3763c35 (webtiles) character file.

324 Jmtri7 the Shield-Bearer (level 6, 0/76 HPs)
             Began as a Minotaur Fighter on Aug 5, 2016.
             Succumbed to an orc's poison
             ... on level 4 of the Dungeon.
             The game lasted 00:05:32 (2441 turns).

Jmtri7 the Shield-Bearer (Minotaur Fighter)         Turns: 2441, Time: 00:05:33

Health: 0/76       AC: 23    Str: 21    XL:     6   Next: 23%
Magic:  10/10      EV:  2    Int:  5    God:
Gold:   117        SH:  9    Dex: 11    Spells: 0 memorised, 12 levels left

rFire  . . .     SeeInvis .     a - +0 long sword
rCold  . . .     Gourm    .     (armour currently unavailable)
rNeg   + + +     Faith    .     c - +0 shield
rPois  +         Spirit   .     (helmet currently unavailable)
rElec  .         Dismiss  .     (cloak currently unavailable)
rCorr  .         Reflect  .     (gloves currently unavailable)
SustAt .         Harm     +     (boots currently unavailable)
MR     .....     NoTele   +     v - amulet of harm
Stlth  +.........               (no ring)
                                (no ring)

@: lethally poisoned (0 -> -15), tree-form
A: (retaliatory headbutt), (horns 0)
a: no special abilities


You were on level 4 of the Dungeon.
You were completely stuffed.
You were a tree.
You visited 1 branch of the dungeon, and saw 4 of its levels.

You collected 117 gold pieces.

Inventory:

Hand Weapons
 a - a +0 long sword (weapon)
Armour
 b - a +0 pair of gloves (melded)
 c - a +0 shield (worn)
 i - a +0 pair of boots (melded)
 n - a +0 cloak (melded)
 t - a +0 leather armour (melded)
Jewellery
 h - an uncursed amulet of the gourmand
 v - an amulet of harm (around neck)
Wands
 q - a wand of confusion (19/48)
Scrolls
 e - 5 scrolls of fear {unknown}
 g - a scroll of enchant weapon {unknown}
 j - 5 scrolls of identify {unknown}
 l - 2 scrolls of teleportation {unknown}
 p - a scroll of remove curse {unknown}
 w - a scroll of recharging {unknown}
 y - a scroll of noise {unknown}
 B - a scroll of amnesia {unknown}
 E - a scroll of blinking {unknown}
Potions
 d - 2 potions of might
 m - 2 potions of heal wounds {unknown}
 o - 2 potions of agility {unknown}
 x - a potion of mutation {unknown}
 A - a potion of curing {unknown}
 C - a potion of degeneration {unknown}
 D - a potion of cure mutation {unknown}
Comestibles
 f - 3 bread rations
 r - 3 chunks of flesh
 s - 5 fruits
 u - a meat ration
 z - a beef jerky


   Skills:
 - Level 3.6 Fighting
 - Level 2.4 Long Blades
 - Level 3.6 Armour
 + Level 3.3 Dodging
 - Level 3.6 Shields
 * Level 3.5 Spellcasting


You had 12 spell levels left.
You didn't know any spells.

Dungeon Overview and Level Annotations

Branches:
Dungeon (4/15)
 Temple: D:4-7

Altars:
Kikubaaqudgha
Okawaru
Ru


Innate Abilities, Weirdness & Mutations

((You reflexively headbutt those who attack you in melee.))
((You have a pair of horns on your head.))


Message History

You closely miss the orc.
* * * LOW HITPOINT WARNING * * *
You feel very sick.
The orc hits you with a dagger of venom.
* * * LOW HITPOINT WARNING * * *
You hit the orc but do no damage.
* * * LOW HITPOINT WARNING * * *
You feel sick.
The orc hits you with a dagger of venom.
* * * LOW HITPOINT WARNING * * *
It was a potion of lignification.
You turn into a tree.
Your +0 cloak melds into your body.
Your +0 pair of gloves melds into your body.
Your +0 pair of boots melds into your body.
Your +0 leather armour melds into your body.
Your roots penetrate the ground.
* * * LOW HITPOINT WARNING * * *
You feel sick. You block the orc's attack.
You barely miss the orc.
You die...

........# ..
..#..##.#...........
..##.##.#..........#
........##.#......#
..#.#.#.##.#...(..#
..#.#...#.........#
.................#
#....#.>.........#####..
.....###........♣)......
(....#...##'#'##o).....#
.<...#...##.#.##......(#
.....#......#.##.......#
...(.#...##.#.##.......#
.....#...##.#.##.......#
.....######.#.##.......#
+#...# #.#.##.......#
#...# #.#.#


You could see an orc.

Vanquished Creatures
  Sigmund (D:3)
  An orc priest (D:4)
  An orc wizard (D:4)
  2 gnolls (D:1)
  3 adders
  An ooze (D:2)
  2 worms
  A dart slug (D:2)
  A giant gecko (D:3)
  3 orcs
  2 giant cockroaches (D:1)
  7 goblins
  11 hobgoblins
  5 bats
  3 giant newts
  5 kobolds
  9 rats
58 creatures vanquished.

Notes
Turn   | Place    | Note
-------+----------+-------------------------------------------
     0 | D:1      | Jmtri7 the Minotaur Fighter began the quest for the Orb.
     0 | D:1      | Reached XP level 1. HP: 19/19 MP: 0/0
   232 | D:1      | Reached skill level 1 in Spellcasting
   232 | D:1      | Reached XP level 2. HP: 26/26 MP: 0/2
   258 | D:1      | Reached skill level 1 in Dodging
   573 | D:1      | Reached XP level 3. HP: 31/31 MP: 4/4
   991 | D:2      | Found a sacrificial altar of Ru.
  1185 | D:2      | Found an ancient bone altar of Kikubaaqudgha.
  1195 | D:2      | Reached XP level 4. HP: 39/39 MP: 6/6
  1994 | D:3      | Found an iron altar of Okawaru.
  2256 | D:3      | Noticed Sigmund
  2266 | D:3      | Killed Sigmund
  2266 | D:3      | Reached XP level 5. HP: 28/45 MP: 6/8
  2431 | D:4      | Reached XP level 6. HP: 41/51 MP: 10/10
  2440 | D:4      | HP: 2/76 [poisoned by an orc]
  2441 | D:4      | Succumbed to an orc's poison

Vault maps used:
D:1:      lemuel_arrival_broad_hall, corexii_hall_statues_l
D:2:      hangedman_ru_absence, kiku_gazebo_garden_becter
D:3:      first_bread, okawaru_ov_weapons_minmay, uniq_sigmund
D:4:      serial_shops, shop, uniq_eustachio, uniq_duvessa

Skill      XL: |  1  2  3  4 |
---------------+-------------+-----
Spellcasting   | 1 2 3 |  3.5
Dodging        | 1 3 |  3.3
Fighting       | |  3.6
Long Blades    | |  2.4
Armour         | |  3.6
Shields        | |  3.6

Action                   |  1- 3 |  4- 6 || total
-------------------------+-------+-------++-------
Melee: Long sword        |    75 |    74 ||   149
       Headbutt          |    13 |     6 ||    19
  Use: Potion            |       |     1 ||     1
  Eat: Chunk             |    10 |     4 ||    14
Armor: Scale mail        |    19 |       ||    19
       Leather armour    |       |    15 ||    15
Dodge: Dodged            |    16 |    24 ||    40
Block: Shield            |    31 |    41 ||    72
